 Dungeon Crawl Stone Soup version 0.27.1-2-g3b301248ec (webtiles) character file.

Game seed: 8208086637083364940

35 Descartes the Skirmisher (level 3, -2/23 HPs)
             Began as a Deep Elf Wanderer on Sept 26, 2021.
             Succumbed to an adder's poison
             ... on level 2 of the Dungeon.
             The game lasted 00:01:48 (1426 turns).

Descartes the Skirmisher (Deep Elf Wanderer)        Turns: 1426, Time: 00:01:49

Health: -2/23      AC:  2    Str: 10    XL:     3   Next: 17%
Magic:  7/7        EV: 12    Int: 17    God:
Gold:   24         SH:  0    Dex: 13    Spells: 5/5 levels left

rFire    . . .     SeeInvis .   a - +2 falchion
rCold    . . .     Faith    .   (no shield)
rNeg     . . .     Spirit   .   d - +0 robe
rPois    .         Reflect  .   (no helmet)
rElec    .         Harm     .   (no cloak)
rCorr    .         Rampage  .   (no gloves)
Will     .....                  (no boots)
Stlth    ++........             (no amulet)
HPRegen  0.07/turn              (no ring)
MPRegen  0.10/turn              (no ring)

@: lethally poisoned (-2 -> -16)
A: no striking features
a: no special abilities


You were on level 2 of the Dungeon.
You visited 1 branch of the dungeon, and saw 2 of its levels.

You collected 24 gold pieces.

Inventory:

Hand Weapons
 a - a +2 falchion (weapon)
 b - a +0 hand axe
 e - a +0 hunting sling
Missiles
 f - 20 stones (quivered)
 i - 11 arrows
Armour
 d - a +0 robe (worn)
Scrolls
 h - a scroll of identify {unknown}
Potions
 c - 2 potions of curing
 g - a potion of heal wounds {unknown}


   Skills:
 - Level 3.2 Fighting
 + Level 2.2 Long Blades
 - Level 1.0 Crossbows
 - Level 1.0 Throwing
 - Level 1.0 Armour
 + Level 1.5 Dodging
 + Level 2.2 Stealth
 + Level 1.8 Spellcasting


You had 5 spell levels left.
You didn't know any spells.
Your spell library was empty.

Dungeon Overview and Level Annotations

Branches:
Dungeon (2/15)

Altars:


Message History

You closely miss the adder.
The adder is severely wounded.
The adder bites you. x2
You are poisoned.
The adder poisons you!
The frilled lizard hisses angrily.
You hit the adder.
The adder is almost dead.
You feel sick. The adder barely misses you.
You riposte.
You barely miss the adder.
The adder is almost dead.
The endoplasm closely misses you.
The kobold shouts!
You hit the adder.
The adder is almost dead.
You feel sick. The adder bites you but does no damage.
The endoplasm freezes you.
You are frozen.
The adder bites you.
You are lethally poisoned!
The adder poisons you!
You closely miss the adder.
The adder is almost dead.
* * * LOW HITPOINT WARNING * * *
You feel very sick. The adder bites you.
* * * LOW HITPOINT WARNING * * *
You are more poisoned.
The adder poisons you! The frilled lizard misses you.
The endoplasm jiggles.
The endoplasm hits you.
* * * LOW HITPOINT WARNING * * *
The adder barely misses you. The endoplasm freezes you.
You are frozen.
* * * LOW HITPOINT WARNING * * *
The frilled lizard barely misses you.
You riposte.
You barely miss the frilled lizard. You hit the adder.
You kill the adder!
You die...

.# .# # .# .
..######.# ..
.....#.###...
.......K...
##..l......
######†.@J.#
#.<....#.†......
#.....†....###...
##########.# . .#
.# .# .#


You could see an endoplasm, a kobold and a frilled lizard.

Vanquished Creatures
  2 adders (D:2)
  A dart slug (D:1)
  2 ball pythons (D:1)
  4 endoplasms (D:1)
  2 giant cockroaches (D:1)
  A goblin (D:1)
  A kobold (D:1)
  A quokka (D:1)
  4 bats
  A frilled lizard (D:1)
  5 rats
24 creatures vanquished.

Notes
Turn   | Place    | Note
-------+----------+-------------------------------------------
     0 | D:1      | Descartes the Deep Elf Wanderer began the quest for the
                  | Orb.
     0 | D:1      | Descartes set off with the following items: a +2 falchion,
                  | a +0 hand axe, a potion of curing, a +0 robe
     0 | D:1      | Reached XP level 1. HP: 14/14 MP: 3/3
   241 | D:1      | Reached skill level 1 in Spellcasting
   241 | D:1      | Reached XP level 2. HP: 15/19 MP: 5/5
   440 | D:1      | Reached skill level 1 in Dodging
  1411 | D:2      | Reached XP level 3. HP: 22/23 MP: 7/7
  1426 | D:2      | Succumbed to an adder's poison

Illustrated notes

Levels and vault maps discovered:
D:1:      onia_arrival_handbag, layout_loops_corners, serial_glass,
          glass_columns_b, glass_columns_c
D:2:      layout_rooms, basic_altar, minmay_joined_circles, uniq_robin,
          uniq_natasha

Skill      XL: |  1  2 |
---------------+-------+-----
Long Blades    | 2 |  2.2
Spellcasting   | 1 |  1.8
Dodging        | 1 |  1.5
Stealth        | 2 |  2.2
Fighting       | |  3.2
Crossbows      | |  1.0
Throwing       | |  1.0
Armour         | |  1.0

Action                   || total
-------------------------++-------
Melee: Falchion          ||    55
 Stab: Sleeping          ||     8
Armor: Robe              ||    10
Dodge: Dodged            ||    34
       Rpst.: Falchion   ||    15
